 Dungeon Crawl Stone Soup version 0.29.1-12-g30fa7ad0bf (webtiles) character file.

Game seed: 18346435311001992249

144 cheesebisquit the Trooper (level 5, 0/47 HPs)
             Began as a Minotaur Berserker on Dec 17, 2022.
             Was a Believer of Trog.
             Slain by a hound (2 damage)
             ... on level 4 of the Dungeon.
             The game lasted 00:07:09 (2816 turns).

cheesebisquit the Trooper (Minotaur Berserker)      Turns: 2816, Time: 00:07:09

Health: 0/47       AC: -1    Str: 22    XL:     5   Next: 5%
Magic:  4/4        EV:  9    Int:  4    God:    Trog [**....]
Gold:   225        SH:  0    Dex: 11    Spells: 4/4 levels left

rFire   . . .      SeeInvis .   s - +0 morningstar
rCold   + . .      Faith    .   (no shield)
rNeg    . . .      Spirit   .   i - +0 chain mail
rPois   .          Reflect  .   (helmet restricted)
rElec   .          Harm     .   (no cloak)
rCorr   .          Rampage  .   e - +0 pair of gloves
Will    .....                   (no boots)
Stlth   ..........              (no amulet)
HPRegen 0.15/turn               m - ring of protection from cold
MPRegen 0.09/turn               (no ring)

@: corroded
A: horns 2, retaliatory headbutt
a: Renounce Religion, Berserk, Trog's Hand


You were on level 4 of the Dungeon.
You worshipped Trog.
Trog was pleased with you.
You visited 1 branch of the dungeon, and saw 4 of its levels.

You collected 225 gold pieces.

Inventory:

Hand Weapons
 s - a +0 morningstar (weapon)
Missiles
 j - 24 stones (quivered)
Armour
 c - a +0 ring mail
 e - a +0 pair of gloves (worn)
 i - a +0 chain mail (worn)
Jewellery
 m - a ring of protection from cold (left hand)
Scrolls
 b - 2 scrolls of teleportation {unknown}
 d - 4 scrolls of identify {unknown}
 f - a scroll of fog {unknown}
 h - 3 scrolls of vulnerability {unknown}
 k - a scroll of enchant armour {unknown}
 l - a scroll of fear {unknown}
 n - a scroll of silence {unknown}
 o - 2 scrolls of magic mapping {unknown}
 t - a scroll of torment {unknown}
Potions
 a - a potion of heal wounds {unknown}
 g - 2 potions of curing {unknown}
 p - a potion of mutation {unknown}
 q - a potion of degeneration {unknown}
 r - a potion of cancellation {unknown}


   Skills:
 + Level 4.8 Fighting
 + Level 4.6 Maces & Flails
 + Level 3.7 Armour
 + Level 3.4 Dodging


You had 4 spell levels left.
You didn't know any spells.
Your spell library was empty.

Dungeon Overview and Level Annotations

Branches:
Dungeon (4/15)
 Temple: D:4-7

Altars:
Kikubaaqudgha
Sif Muna


Innate Abilities, Weirdness & Mutations

You have a pair of horns on your head.
You reflexively headbutt those who attack you in melee.


Message History

The quokka bites you but does no damage.
You miss the quokka. You headbutt the quokka.
You kill the quokka!
Trog accepts your kill.
No target in view!
No target in view!
A jelly comes into view.
The jelly quivers.
You see here 12 gold pieces.
A hound comes into view.
The hound barks!
A quokka comes into view.
The jelly hits you but does no damage.
You sock the jelly! The acid corrodes you!
Your hands burn!
The jelly is almost dead.
The jelly hits you.
You are splashed with acid!
The hound bites you but does no damage. The jelly hits you but does no damage.
You barely miss the jelly. Your headbutt misses the jelly.
The jelly is almost dead.
The hound barely misses you.
A kobold comes into view.
It is wielding a +0 club and quivering poisoned darts.
The jelly closely misses you. The hound bites you.
The kobold shouts!
You hit the jelly but do no damage. The acid corrodes you!
Your hands burn!
The jelly is almost dead.
The hound bites you. The jelly hits you.
You are splashed with acid!
The hound bites you.
* * * LOW HITPOINT WARNING * * *
You are too injured to fight recklessly!
You are too injured to fight recklessly!
You are too injured to fight recklessly!
The hound barely misses you.
You see here 12 gold pieces.
The jelly attacks as you move away! The jelly hits you.
* * * LOW HITPOINT WARNING * * *
The acid corrodes you!
You are splashed with acid!
* * * LOW HITPOINT WARNING * * *
You fail to use your ability.
The hound misses you. The jelly barely misses you. The hound bites you.
You die...

.....#...#...#.
#......##...##
#..........##
##...........
##............
###...#####.....
##..>#..# ##....
. ###..###..#
#.... ...
###J@.## ##..#
##...
#...##K.h†## #.#
#... #......r##
.. #...
#.........# ...
....
#...#........#
#... ###. #..
#.......... .
#.. ##.........
.. #..######. .
##..


You could see a hound, a jelly, a quokka and a kobold.

Vanquished Creatures
  A jelly (D:3)
  4 adders
  A worm (D:3)
  3 orcs (D:3)
  8 ball pythons
  9 bats
  5 endoplasms
  6 giant cockroaches
  5 goblins
  6 hobgoblins
  5 jackals (D:1)
  4 kobolds
  3 quokkas
  4 frilled lizards
  2 rats
66 creatures vanquished.

Notes
Turn   | Place    | Note
-------+----------+-------------------------------------------
     0 | D:1      | cheesebisquit the Minotaur Berserker began the quest for
                  | the Orb.
     0 | D:1      | Reached XP level 1. HP: 19/19 MP: 0/0
   202 | D:1      | Reached XP level 2. HP: 25/27 MP: 1/1
   653 | D:1      | Reached XP level 3. HP: 33/33 MP: 2/2
   654 | D:1      | Reached ** piety under Trog
  1465 | D:2      | Found a faded altar of an unknown god.
  1520 | D:2      | Reached XP level 4. HP: 39/41 MP: 3/3
  2052 | D:3      | Found an ancient bone altar of Kikubaaqudgha.
  2118 | D:3      | HP: 1/41 [acid (3)]
  2465 | D:3      | Found a shimmering blue altar of Sif Muna.
  2468 | D:3      | Reached XP level 5. HP: 47/47 MP: 4/4
  2815 | D:4      | HP: 2/47 [acid (8)]
  2816 | D:4      | Slain by a hound

Illustrated notes

Levels and vault maps discovered:
D:1:      lightli_arrival_flooded_house, layout_rooms, minmay_tromino_v4_c
D:2:      layout_basic, dilly_ecumenical_altar_fadedgnrine
D:3:      layout_loops_ring, nicolae_kikubaaqudgha_miasma_corner,
          lemuel_coloured_pillars_altar, grunt_decor_fettered
D:4:      layout_layer_cave, kennysheep_okawaru_gauntlet, uniq_pikel

Skill      XL: |  1  2  3 |
---------------+----------+-----
Fighting       | 4 |  4.8
Maces & Flails | 4 |  4.6
Armour         | 3 |  3.7
Dodging        | 3 |  3.4

Action                   |  1- 3 |  4- 6 || total
-------------------------+-------+-------++-------
Melee: Mace              |    82 |    43 ||   125
       Headbutt          |     9 |    10 ||    19
       Punch             |       |     2 ||     2
       Morningstar       |       |    10 ||    10
Armor: Ring mail         |    25 |       ||    25
       Animal skin       |     4 |       ||     4
       Chain mail        |    16 |    27 ||    43
Dodge: Dodged            |    71 |    26 ||    97
